 Dungeon Crawl Stone Soup version 0.29-a0-356-g7bc237e783 (webtiles) character file.

Game seed: 2000624212162938821

65 domi the Conjurer (level 3, 0/24 HPs)
             Began as a Demonspawn Hedge Wizard on Apr 26, 2022.
             Slain by a jackal (3 damage)
             ... on level 2 of the Dungeon.
             The game lasted 00:01:53 (1033 turns).

domi the Conjurer (Demonspawn Hedge Wizard)         Turns: 1033, Time: 00:01:54

Health: 0/24       AC:  2    Str: 10    XL:     3   Next: 94%
Magic:  3/7        EV: 12    Int: 17    God:
Gold:   45         SH:  0    Dex: 12    Spells: 7/8 levels left

rFire   . . .      SeeInvis .   i - +0 hand axe (freeze)
rCold   . . .      Faith    .   (no shield)
rNeg    . . .      Spirit   .   b - +0 robe
rPois   .          Reflect  .   c - +0 hat
rElec   .          Harm     .   (no cloak)
rCorr   .          Rampage  .   (no gloves)
Will    .....                   (no boots)
Stlth   ++........              (no amulet)
HPRegen 0.08/turn               (no ring)
MPRegen 0.20/turn               (no ring)

@: no status effects
A: horns 1, magic regeneration
a: no special abilities


You were on level 2 of the Dungeon.
You visited 1 branch of the dungeon, and saw 2 of its levels.

You collected 45 gold pieces.

Inventory:

Hand Weapons
 a - a +0 dagger
 i - a +0 hand axe of freezing (weapon)
   (You found it on level 1 of the Dungeon)
Armour
 b - a +0 robe (worn)
 c - a +0 hat (worn)
Scrolls
 f - a scroll of enchant armour {unknown}
 g - a scroll of teleportation {unknown}
 h - 3 scrolls of identify {unknown}
 j - 2 scrolls of vulnerability {unknown}
Potions
 d - 2 potions of magic


   Skills:
 - Level 1.7 Dodging
 - Level 1.7 Stealth
 - Level 3.0 Spellcasting
 + Level 3.9 Conjurations
 - Level 1.0 Summonings
 - Level 0.8 Translocations


You had 7 spell levels left.
You knew the following spells:

 Your Spells              Type           Power      Damage    Failure   Level
z - Magic Dart            Conj           60%        1d6       3%          1

Your spell library contained the following spells:

 Spells                   Type           Power      Damage    Failure   Level
 Slow                     Hex            8%         N/A       17%         1
 Call Imp                 Summ           5%         N/A       17%         2
 Blink                    Tloc           10%        N/A       19%         2
 Conjure Flame            Conj/Fire      9%         6-21      24%         3
 Mephitic Cloud           Conj/Pois/Air  6%         N/A       30%         3


Dungeon Overview and Level Annotations

Branches:
Dungeon (2/15)

Altars:

Shops:
D:1 [


Innate Abilities, Weirdness & Mutations

You have a pair of small horns on your head.
You regenerate magic rapidly.


Message History

You can't see any susceptible monsters within range! (Use Z to cast anyway.)
You can't see any susceptible monsters within range! (Use Z to cast anyway.)
You can't see any susceptible monsters within range! (Use Z to cast anyway.)
You see here a quokka corpse.
An orc comes into view. It is wielding a +0 hand axe.
The orc shouts!
MP restored: 7 An orc is nearby!
An orc is nearby!
An orc is nearby!
Aim: an orc, wielding a +0 hand axe (100% to hit)
You miscast Magic Dart.
You are very lightly contaminated with residual magic.
Nothing appears to happen.
A jackal comes into view.
You now have 6/7 mp.
Aim: an orc, wielding a +0 hand axe (100% to hit)
The magic dart hits the orc.
The jackal barks!
You hear a bark!
You hear an angry hiss.
You hear a shout!
You now have 5/7 mp.
Aim: an orc, wielding a +0 hand axe (moderately wounded, 100% to hit)
You miscast Magic Dart.
Nothing appears to happen.
You hear an angry hiss.
You hear a shout!
You hear a bark! x2
You hear an angry hiss.
You now have 4/7 mp.
Aim: an orc, wielding a +0 hand axe (moderately wounded, 100% to hit)
The magic dart hits the jackal but does no damage.
You now have 3/7 mp.
Aim: an orc, wielding a +0 hand axe (moderately wounded, 100% to hit)
The magic dart hits the jackal.
You kill the jackal!
Aim: an orc, wielding a +0 hand axe (lightly wounded, 100% to hit)
The magic dart hits the orc.
The orc barely misses you.
You now have 2/7 mp.
Aim: an orc, wielding a +0 hand axe (heavily wounded, 100% to hit)
The magic dart hits the orc.
You kill the orc!
A goblin comes into view. It is wielding a +0 dagger.
You now have 1/7 mp.
Aim: a goblin, wielding a +0 dagger (100% to hit)
The magic dart hits the goblin.
You kill the goblin!
Jessica the Apprentice Sorceress comes into view.
She is wielding a +0 club.
You now have 0/7 mp.
You don't have enough magic to cast this spell.
You don't have enough magic to cast this spell.
You don't have enough magic to cast this spell.
An adder comes into view.
Jessica gestures at you while chanting. Pain shoots through your body!
Things that are here:
a +0 hand axe; a scroll labelled UNIT FUELUCHE You take 2 damage, and have 22/24 hp.
A jackal comes into view.
The jackal barks!
A jackal comes into view.
Jessica hits you with a +0 club.
The jackal moves out of view.
You take 2 damage, and have 20/24 hp.
The jackal barks!
You hit Jessica but do no damage. Your headbutt misses Jessica.
A jackal comes into view.
Jessica hits you with a +0 club.
You take 2 damage, and have 18/24 hp.
You hit Jessica but do no damage. You miss the adder.
The adder bites you but does no damage. Jessica barely misses you.
You hit Jessica. You freeze Jessica. You headbutt Jessica.
You hit the adder but do no damage. The adder barely misses you.
Jessica hits you with a +0 club! The adder bites you but does no damage.
Your magical contamination has completely faded away.
You take 7 damage, and have 11/24 hp.
MASSIVE DAMAGE!!
You hit Jessica. You freeze Jessica.
You kill Jessica!
You barely miss the adder. The adder barely misses you. x2
You barely miss the jackal. Your headbutt misses the jackal.
You closely miss the adder. You barely miss the jackal. The jackal bites you.
The jackal bites you but does no damage.
The adder bites you.
* * * LOW HITPOINT WARNING * * *
The jackal bites you.
* * * LOW HITPOINT WARNING * * *
The jackal bites you.
* * * LOW HITPOINT WARNING * * *
You take 6 damage, and have 5/24 hp.
MASSIVE DAMAGE!!
The jackal attacks as you move away! The jackal closely misses you.
The adder closely misses you.
Things that are here:
a +0 hand axe; a scroll labelled UNIT FUELUCHE The jackal attacks as you move away!
The jackal barely misses you.
You hit the jackal. You freeze the jackal.
The jackal bites you but does no damage. x2
You hit the jackal but do no damage. The jackal bites you.
* * * LOW HITPOINT WARNING * * *
You take 3 damage, and have 3/24 hp.
It was a potion of cancellation.
You feel magically purged. The jackal misses you.
You barely miss the jackal. The jackal bites you.
You die...

######### #........
#........
##################h.......
..........†.....@hS.......
##################h.......
# #.)...... # ......... #
.....).... # .....###### .
....!.. # .......#
........#


You could see an adder and 3 jackals.

Vanquished Creatures
  Jessica (D:2)
  A dart slug (D:1)
  An orc (D:2)
  3 bats (D:1)
  4 endoplasms (D:1)
  6 goblins
  2 hobgoblins (D:1)
  A jackal (D:2)
  4 kobolds (D:1)
  2 quokkas
  4 ball pythons (D:1)
  2 frilled lizards (D:1)
  A rat (D:1)
32 creatures vanquished.

Vanquished Creatures (others)
  A plant (D:1)
1 creature vanquished.

Grand Total: 33 creatures vanquished

Notes
Turn   | Place    | Note
-------+----------+-------------------------------------------
     0 | D:1      | domi the Demonspawn Hedge Wizard began the quest for the
                  | Orb.
     0 | D:1      | Reached XP level 1. HP: 13/13 MP: 4/4
   245 | D:1      | Reached skill level 2 in Conjurations
   301 | D:1      | Gained mutation: You regenerate magic rapidly. [demonic
                  | ancestry]
   301 | D:1      | Reached XP level 2. HP: 19/19 MP: 3/6
   402 | D:1      | Found Vusaar's Antique Armour Boutique.
   506 | D:1      | Found Doheon's Book Shoppe.
   582 | D:1      | Reached skill level 3 in Conjurations
   582 | D:1      | Gained mutation: You have a pair of small horns on your
                  | head. [demonic ancestry]
   582 | D:1      | Reached XP level 3. HP: 24/24 MP: 1/7
  1020 | D:2      | Noticed Jessica
  1026 | D:2      | Killed Jessica
  1027 | D:2      | HP: 6/24 [jackal (1)]
  1033 | D:2      | Slain by a jackal

Illustrated notes

Levels and vault maps discovered:
D:1:      minmay_arrival_checkered_box, layout_basic, serial_shops,
          nicolae_lakefront_shop, nicolae_shop_overgrown_old_shop,
          minmay_3d_cube
D:2:      layout_basic, serial_shops, shop,
          dreamdust_ecumenical_altar_sealed_demon, uniq_natasha, uniq_jessica

Skill      XL: |  1  2 |
---------------+-------+-----
Conjurations   | 2 3 |  3.9
Dodging        | |  1.7
Stealth        | |  1.7
Spellcasting   | |  3.0
Summonings     | |  1.0
Translocations | |  0.8

Action                   || total
-------------------------++-------
Melee: Dagger            ||     1
       Hand axe          ||     9
       Headbutt          ||     1
 Cast: Magic Dart        ||    62
  Use: Potion            ||     1
Armor: Robe              ||     5
Dodge: Dodged            ||    12

Table legend: (Time is in decaauts)
 A = Elapsed time spent in this place.
 B = Non-inter-level travel time spent in this place.
 C = Inter-level travel time spent in this place.
 D = Time resting spent in this place.
 E = Time spent auto-exploring this place.
 F = Levels seen in this place.
 G = Mean time per level.
                   A        B        C        D        E       F      G
               +--------+--------+--------+--------+--------+-----+--------+
         Total |   1034 |   1005 |     29 |      0 |    873 |   2 |  517.0 |
       Dungeon |   1034 |   1005 |     29 |      0 |    873 |   2 |  517.0 |
               +--------+--------+--------+--------+--------+-----+--------+

Top non-repeatable levels by time:
     D:1: 956 daAuts
     D:2: 77 daAuts

Table legend:
 A = Kills in this place as a percentage of kills in entire the game.
 B = Kills by you in this place as a percentage of kills by you in the entire game.
 C = Kills by friends in this place as a percentage of kills by friends in the entire game.
 D = Other kills in this place as a percentage of other kills in the entire game.
 E = Experience gained in this place as a percentage of experience gained in the entire game.
 F = Experience gained in this place divided by the number of levels of this place that you have seen.
                   A       B       C       D       E      F
               +-------+-------+-------+-------+-------+----------------------
         Total | 100.0 | 100.0 |   N/A |   N/A | 100.0 |  47.0
       Dungeon | 100.0 | 100.0 |   N/A |   N/A | 100.0 |  47.0
               +-------+-------+-------+-------+-------+----------------------
